 Seeded DCSS version 0.27-a0-1140-g099f9bb (webtiles) character file.

Game seed: 7809875050489660954 (custom seed)

21298 edsrzf the Covert (level 12, -3/65 HPs)
             Began as a Spriggan Delver on May 9, 2021.
             Was an Elder of Wu Jian.
             Slain by a wolf spider simulacrum (7 damage)
             ... in an ice cave.
             The game lasted 01:23:58 (27927 turns).

edsrzf the Covert (Spriggan Delver)                Turns: 27927, Time: 01:23:59

Health: -3/65      AC:  5    Str:  8    XL:     12   Next: 52%
Magic:  0/25       EV: 21    Int: 17    God:    Wu Jian [****..]
Gold:   296        SH:  0    Dex: 16    Spells: 24/28 levels left

rFire    + . .     SeeInvis +   a - +2 scimitar (flame)
rCold    . . .     Faith    .   (shield restricted)
rNeg     . . .     Spirit   +   u - +0 steam dragon scales
rPois    +         Reflect  .   (helmet restricted)
rElec    .         Harm     .   (no cloak)
rCorr    .         Rampage  .   (gloves unavailable)
Will     ++...                  (boots unavailable)
Stlth    +++++.....             h - amulet of guardian spirit
HPRegen  0.20/turn              x - ring of poison resistance
MPRegen  0.19/turn              F - ring of protection from fire

@: very quick
A: very small, no large weapons, unfitting armour, see invisible, speed 3
a: Renounce Religion, Wall Jump, Serpent's Lash


You were in an ice cave.
You worshipped Wu Jian.
Wu Jian was greatly pleased with you.
You visited 3 branches of the dungeon, and saw 16 of its levels.
You also visited: Ice Cave.

You collected 296 gold pieces.

Inventory:

Hand Weapons
 a - a +2 scimitar of flaming (weapon)
 b - a +2 dagger of holy wrath
 M - a +2 dagger of electrocution
Missiles
 q - 13 boomerangs (quivered)
 v - 3 atropa-tipped darts
 A - 6 curare-tipped darts
 B - 93 poisoned darts
 C - 7 throwing nets {=f}
Armour
 u - +0 steam dragon scales (worn)
Jewellery
 e - an amulet of reflection
 h - an amulet of guardian spirit (around neck)
 x - a ring of poison resistance (left hand)
 E - a ring of resist corrosion
 F - a ring of protection from fire (right hand)
Wands
 g - a wand of digging (6)
 k - a wand of iceblast (32)
 w - a wand of flame (32)
 H - a wand of charming (11)
 K - a wand of mindburst (6)
Scrolls
 c - 2 scrolls of fog
 d - 3 scrolls of magic mapping
 i - a scroll of teleportation {@r3}
 j - a scroll of silence {unknown}
 m - 3 scrolls of enchant weapon {unknown}
 n - a scroll of acquirement {unknown}
 o - 8 scrolls of identify {@r1}
 t - 2 scrolls of blinking {unknown}
 z - 2 scrolls of holy word {unknown}
 D - 2 scrolls of vulnerability {unknown}
 G - 3 scrolls of amnesia {unknown}
 I - a scroll of summoning
 N - 3 scrolls of enchant armour {unknown}
 O - a scroll of fear
Potions
 f - 2 potions of haste
 l - a potion of brilliance
 p - a potion of might
 r - 4 potions of flight
 s - 3 potions of curing
 J - a potion of cancellation
 L - a potion of attraction
Miscellaneous
 y - a box of beasts


   Skills:
 + Level 8.2 Fighting
 + Level 10.9 Long Blades
 - Level 1.5 Axes
 - Level 8.1 Dodging
 - Level 11.0 Stealth
 - Level 8.5 Spellcasting
 - Level 5.0 Transmutations
 - Level 5.3 Air Magic
 - Level 5.0 Poison Magic


You had 24 spell levels left.
You knew the following spells:

 Your Spells              Type           Power      Damage    Failure   Level
a - Sting                 Tmut/Pois      96%        1d7       1%          1
C - Mephitic Cloud        Conj/Pois/Air  18%        N/A       8%          3

Your spell library contained the following spells:

 Spells                   Type           Power      Damage    Failure   Level
 Poisonous Vapours        Pois/Air       48%        N/A       1%          2
 Ignite Poison            Fire/Tmut/Pois 18%        N/A       8%          3
 Apportation              Tloc           14%        N/A       10%         1
 Summon Small Mammal      Summ           28%        N/A       10%         1
 Olgreb's Toxic Radiance  Pois           24%        N/A       13%         4
 Call Imp                 Summ           7%         N/A       16%         2
 Call Canine Familiar     Summ           7%         N/A       30%         3
 Lesser Beckoning         Tloc           3%         N/A       30%         3
 Summon Guardian Golem    Hex/Summ       7%         N/A       30%         3
 Tukima's Dance           Hex            7%         N/A       30%         3
 Summon Lightning Spire   Summ/Air       16%        N/A       32%         4
 Alistair's Intoxication  Tmut/Pois      16%        N/A       34%         5
 Summon Ice Beast         Ice/Summ       7%         N/A       69%         4
 Invisibility             Hex            7%         N/A       100%        6


Dungeon Overview and Level Annotations

Branches:
Dungeon (12/15)            Temple (1/1) D:5            Lair (3/6) D:8
  Swamp (0/4) Lair:2          Orc (0/2) D:9           IceCv (1/1)
  Snake: Lair:2-4    Spider: Lair:2-4

Altars:
Ashenzari
Cheibriados
Dithmenos
Elyvilon
Fedhas
Gozag
Hepliaklqana
Kikubaaqudgha
Makhleb
Nemelex Xobeh
Okawaru
Qazlal
Ru
Sif Muna
Trog
Uskayaw
Vehumet
Wu Jian
Xom
Yredelemnul
Zin
The Shining One

Annotations:
D:6 exclusion: adder, Blork the orc, Maggie
D:8 3 runed translucent doors, exclusion: gnoll, Joseph, Maurice
D:9 Gastronok
Lair:3 3 runed translucent doors


Innate Abilities, Weirdness & Mutations

You are very small and have problems with some larger weapons.
You are too small for most types of armour.
You have supernaturally acute eyesight. (SInv)
You cover ground extremely quickly. (Speed+++)


Message History

The ice beast is heavily wounded.
The ice beast misses you.
You closely miss the ice beast.
The ice beast is heavily wounded.
The ice beast misses you.
You riposte.
You slash the ice beast!
You melt the ice beast.
You kill the ice beast!
The Council accepts your kill.
Press: ? - help, . - travel You can't see that place. [the floor.]
An ice beast comes into view.
Really walk into a travel-excluded area?
You closely miss the ice beast. You barely miss the ice beast.
The ice beast misses you. x2; You riposte.
You hit the ice beast.
You melt the ice beast.
The ice beast is moderately wounded.
The ice beast closely misses you.
You hit the ice beast.
You melt the ice beast.
The ice beast is moderately wounded.
You barely miss the ice beast.
The ice beast is moderately wounded.
The ice beast barely misses you.
You barely miss the ice beast.
The ice beast is moderately wounded.
The ice beast closely misses you.
You riposte.
You hit the ice beast but do no damage.
The ice beast is moderately wounded.
You hit the ice beast but do no damage.
The ice beast is moderately wounded.
The ice beast barely misses you.
You riposte.
You hit the ice beast but do no damage.
The ice beast is moderately wounded.
You slash the ice beast!
You melt the ice beast!
The ice beast is almost dead.
You slash the ice beast!
You melt the ice beast.
You kill the ice beast!
The Council accepts your kill.
You hit the ice beast.
You melt the ice beast.
The ice beast is lightly wounded.
The ice beast completely misses you.
You slash the ice beast!
You melt the ice beast.
The ice beast is severely wounded.
The ice beast misses you.
You riposte.
You hit the ice beast.
You melt the ice beast.
The ice beast is almost dead.
You slash the ice beast!
You melt the ice beast.
You kill the ice beast!
The Council accepts your kill.
You slash the ice beast!
You melt the ice beast.
The ice beast is severely wounded.
You closely miss the ice beast.
The ice beast is severely wounded.
The ice beast misses you.
You barely miss the ice beast.
The ice beast is severely wounded.
The ice beast barely misses you.
You closely miss the ice beast.
The ice beast is severely wounded.
The ice beast hits you. The ice beast freezes you!
You closely miss the ice beast.
The ice beast is severely wounded.
The ice beast barely misses you.
You barely miss the ice beast.
The ice beast is severely wounded.
The ice beast misses you.
You closely miss the ice beast.
The ice beast is severely wounded.
The ice beast closely misses you.
You hit the ice beast.
You melt the ice beast.
The ice beast is almost dead.
The ice beast misses you.
You riposte.
You closely miss the ice beast.
The ice beast is almost dead.
You hit the ice beast.
You melt the ice beast.
You kill the ice beast!
The Council accepts your kill.
Unknown command.
You now have 296 gold pieces (gained 10).
There is a frozen archway here.
The world spins around you as you enter the gateway.
You enter an ice cave! 4 simulacra come into view.
Found an ice covered gate leading back out of this place.
There is an ice choked empty arch of ancient stone here.
There is an ice covered gate leading back out of this place here.
Okay, then.
Okay, then.
Aiming: Dig
Press: ? - help, Shift-Dir - straight line, f - you Please select a direction to dig.
The rock shatters into small pieces.
Okay, then.
The wolf spider simulacrum hits you!
The wolf spider simulacrum freezes you!!
The wolf spider simulacrum bites you!
* * * LOW HITPOINT WARNING * * *
The wolf spider simulacrum freezes you!!
* * * LOW HITPOINT WARNING * * *
The wolf spider simulacrum hits you!
You die...

## #.#
#.# #.#
#.# #.#
#.##
#@####
##Z..##
##..∩..##
#.......#
#...∩...#
##.....##
##...##
#...#
##...


You could see a wolf spider simulacrum.

Vanquished Creatures
  Harold (D:9)
  A boulder beetle (D:11)
  Erica (D:9)
  2 two-headed ogres
  Sonja (D:11)
  A bog body (Lair:2)
  Pikel (D:8)
  2 black mambas (Lair:2)
  3 cane toads
  2 gargoyles
  2 rime drakes (Lair:2)
  Psyche (D:9)
  A kobold demonologist (D:11)
  4 komodo dragons
  A troll (D:9)
  A hornet (D:8)
  16 blink frogs
  A wraith (D:10)
  3 wyverns
  17 yaks
  3 steam dragons (D:9)
  A swamp worm (Lair:2)
  4 water moccasins
  2 black bears
  8 ice beasts (Lair:3)
  A sky beast (D:7)
  An orc warrior (D:11)
  2 necrophages (D:6)
  2 wolves (Lair:2)
  An ogre (D:5)
  8 centaurs
  2 phantoms (D:7)
  A kobold brigand (D:9)
  3 lemures (D:8)
  8 bullfrogs
  2 scorpions (D:5)
  2 gnoll sergeants
  A water moccasin zombie (D:5)
  6 howler monkeys
  2 electric eels
  7 crimson imps (D:11)
  5 centaur zombies
  2 bullfrog skeletons
  A hound (D:7)
  A gnoll shaman (D:4)
  An iguana (D:6)
  An orc wizard (D:6)
  7 hell rats (Lair:1)
  A scorpion zombie (D:5)
  A killer bee zombie (D:8)
  15 gnolls
  2 howler monkey zombies
  7 adders
  2 shadow imps
  2 white imps
  An ufetubus (D:4)
  A worm (D:2)
  An adder skeleton (D:4)
  2 dart slugs
  11 orcs
  8 bats
  7 endoplasms
  6 giant cockroaches
  6 hobgoblins
  6 jackals
  14 kobolds
  2 quokkas
  6 ball pythons
  4 frilled lizards
  3 goblins
  3 rats
258 creatures vanquished.

Vanquished Creatures (others)
  A wolf (Lair:2)
  An orc wizard (D:6)
  13 fungi
  16 plants
31 creatures vanquished.

Grand Total: 289 creatures vanquished

Notes
Turn   | Place    | Note
-------+----------+-------------------------------------------
     0 | D:5      | edsrzf the Spriggan Delver began the quest for the Orb.
     0 | D:5      | Reached XP level 1. HP: 11/11 MP: 2/2
     9 | D:5      | Found a staircase to the Ecumenical Temple.
    75 | Temple   | Entered the Ecumenical Temple
   539 | Temple   | Became a worshipper of the Wu Jian Council
   580 | D:5      | Noticed a scorpion
   654 | D:5      | Noticed a scorpion
   668 | D:4      | Noticed a gnoll shaman
  1285 | D:4      | Noticed a phantom
  1687 | D:2      | Reached XP level 2. HP: 12/16 MP: 3/3
  1824 | D:1      | Reached skill level 1 in Long Blades
  2083 | D:1      | Found a faded altar of an unknown god.
  2485 | D:1      | Reached skill level 8 in Stealth
  2510 | D:1      | Reached XP level 3. HP: 13/19 MP: 4/4
  2737 | D:1      | Reached * piety under Wu Jian
  3456 | D:2      | Reached skill level 2 in Long Blades
  3506 | D:2      | Reached XP level 4. HP: 18/23 MP: 3/5
  4671 | D:4      | Reached ** piety under Wu Jian
  4672 | D:4      | Reached skill level 9 in Stealth
  4995 | D:4      | Reached XP level 5. HP: 18/27 MP: 6/6
  5781 | D:3      | Found a hazy altar of Hepliaklqana.
  6161 | D:3      | Reached skill level 3 in Long Blades
  6737 | D:5      | Noticed an ogre
  6759 | D:5      | Found a stormy altar of Qazlal.
  7016 | D:5      | Reached skill level 10 in Stealth
  7016 | D:5      | Reached XP level 6. HP: 24/32 MP: 5/7
  8382 | D:4      | Found a blossoming altar of Fedhas.
  9037 | D:5      | Reached skill level 4 in Long Blades
  9475 | D:6      | Reached skill level 11 in Stealth
  9475 | D:6      | Reached XP level 7. HP: 7/35 MP: 3/8
  9787 | D:6      | Reached skill level 3 in Dodging
  9827 | D:6      | Found a sacrificial altar of Ru.
 10110 | D:6      | Identified 3 potions of heal wounds
 10513 | D:6      | Noticed Blork the orc
 10526 | D:6      | Found a hide-covered altar of Uskayaw.
 10575 | D:6      | Reached skill level 4 in Dodging
 10733 | D:6      | Noticed Maggie
 11213 | D:6      | Identified 3 scrolls of teleportation
 11629 | D:6      | Reached skill level 5 in Long Blades
 12317 | D:7      | Identified 5 scrolls of identify
 12317 | D:7      | Identified a potion of mutation
 12318 | D:7      | Identified a potion of brilliance
 12319 | D:7      | Identified a potion of degeneration
 12320 | D:7      | Identified a potion of might
 12321 | D:7      | Identified a potion of invisibility
 12347 | D:7      | Identified 4 potions of flight
 12348 | D:7      | Identified 6 potions of curing
 12775 | D:7      | Learned a level 1 spell: Sting
 12914 | D:7      | Reached skill level 5 in Dodging
 13093 | D:7      | Reached XP level 8. HP: 29/39 MP: 7/9
 13399 | D:7      | Found a glowing silver altar of Zin.
 13399 | D:7      | Found an opulent altar of Gozag.
 14205 | D:6      | Reached skill level 6 in Dodging
 14641 | D:7      | Reached skill level 6 in Long Blades
 15128 | D:8      | Noticed Pikel
 15314 | D:8      | Reached skill level 7 in Dodging
 15437 | D:8      | Noticed a hornet
 15440 | D:8      | Killed a hornet
 15479 | D:8      | Noticed Maurice
 15590 | D:7      | Reached skill level 8 in Dodging
 15871 | D:8      | Found a runed translucent gate.
 15872 | D:8      | Found a runed translucent gate.
 15872 | D:8      | Found a runed translucent gate.
 15881 | D:8      | Found a glowing golden altar of the Shining One.
 15891 | D:8      | Noticed a two-headed ogre
 15908 | D:8      | Noticed a cyan ugly thing
 15909 | D:8      | Noticed a red ugly thing
 15920 | D:8      | Found a staircase to the Lair.
 15949 | D:8      | Noticed a green ugly thing
 16180 | D:8      | Paralysed by Maurice for 5 turns
 16814 | D:9      | Noticed Psyche
 17391 | D:9      | Reached skill level 1 in Spellcasting
 17391 | D:9      | Reached skill level 1 in Transmutations
 17409 | D:9      | Reached skill level 2 in Transmutations
 17435 | D:9      | Reached skill level 2 in Spellcasting
 17435 | D:9      | Reached XP level 9. HP: 20/43 MP: 1/13
 17631 | D:9      | Found a staircase to the Orcish Mines.
 17631 | D:9      | Noticed Erica
 17697 | D:9      | Noticed Harold
 17741 | D:8      | Killed Pikel
 17742 | D:8      | Reached skill level 4 in Spellcasting
 17742 | D:8      | Reached skill level 4 in Transmutations
 17796 | D:8      | Reached skill level 5 in Transmutations
 18148 | D:8      | Found an ancient bone altar of Kikubaaqudgha.
 18149 | D:8      | Noticed Joseph
 18213 | D:7      | Reached skill level 1 in Poison Magic
 18475 | D:8      | Found a shimmering altar of Xom.
 18654 | D:9      | Killed Psyche
 18655 | D:9      | Reached skill level 5 in Spellcasting
 18655 | D:9      | Reached skill level 2 in Poison Magic
 18673 | D:9      | Noticed Gastronok
 18836 | D:9      | Reached skill level 6 in Spellcasting
 18836 | D:9      | Reached skill level 3 in Poison Magic
 18875 | D:9      | Killed Erica
 18876 | D:9      | Reached skill level 7 in Spellcasting
 18876 | D:9      | Reached skill level 4 in Poison Magic
 18922 | D:9      | Noticed a troll
 18926 | D:9      | Killed a troll
 18927 | D:9      | Reached XP level 10. HP: 47/47 MP: 20/22
 18993 | D:9      | Reached skill level 5 in Poison Magic
 19014 | D:9      | Learned a level 3 spell: Mephitic Cloud
 19060 | D:9      | Killed Harold
 19061 | D:9      | Reached skill level 8 in Spellcasting
 19061 | D:9      | Reached skill level 2 in Air Magic
 19390 | D:9      | Reached skill level 3 in Air Magic
 19790 | D:10     | Entered Level 10 of the Dungeon
 19861 | D:10     | Reached skill level 7 in Long Blades
 19861 | D:10     | Reached skill level 4 in Air Magic
 20166 | D:10     | Noticed a gargoyle
 20349 | D:10     | Noticed a two-headed ogre
 20639 | D:10     | Identified a scroll of summoning
 20755 | D:11     | Noticed Sonja
 20898 | D:11     | Killed Sonja
 20899 | D:11     | Reached skill level 5 in Air Magic
 21047 | D:11     | Noticed a boulder beetle
 21212 | D:11     | Reached skill level 3 in Fighting
 21212 | D:11     | Reached skill level 8 in Long Blades
 21212 | D:11     | Reached XP level 11. HP: 43/52 MP: 20/24
 21287 | D:11     | Reached *** piety under Wu Jian
 21463 | D:11     | Noticed a two-headed ogre
 21483 | D:11     | HP: 1/53 [acid (10)]
 21966 | D:11     | Killed a boulder beetle
 21967 | D:11     | Reached skill level 4 in Fighting
 22291 | D:11     | Killed a two-headed ogre
 22535 | D:10     | Reached skill level 5 in Fighting
 22549 | D:10     | Killed a two-headed ogre
 22550 | D:10     | Reached skill level 9 in Long Blades
 23154 | Lair:1   | Entered Level 1 of the Lair of Beasts
 23845 | Lair:1   | Reached skill level 6 in Fighting
 24302 | Lair:1   | Identified a scroll of noise
 24498 | Lair:2   | Noticed an eight-headed hydra
 25504 | Lair:2   | Reached XP level 12. HP: 29/62 MP: 13/25
 25674 | Lair:2   | Reached skill level 10 in Long Blades
 25804 | Lair:2   | Found a staircase to the Swamp.
 25915 | Lair:2   | Identified a potion of cancellation
 25955 | Lair:2   | Reached skill level 7 in Fighting
 26127 | Lair:2   | Reached **** piety under Wu Jian
 27019 | Lair:2   | Identified a potion of attraction
 27624 | Lair:3   | Found a runed translucent gate.
 27625 | Lair:3   | Found a runed translucent gate.
 27626 | Lair:3   | Found a runed translucent gate.
 27698 | Lair:3   | Reached skill level 8 in Fighting
 27834 | Lair:3   | Found a frozen archway.
 27917 | IceCv    | Entered an ice cave
 27927 | IceCv    | Slain by a wolf spider simulacrum

Illustrated notes

Levels and vault maps discovered:
D:1:      onia_arrival_pyramid, layout_loops_ring, basic_ecumenical_altar,
          grunt_decor_mini_mirrors, chequers_arboretum
D:2:      layout_rooms
D:3:      layout_rooms, lemuel_round_altar
D:4:      layout_loops_ring, fedhas_altar_4
D:5:      layout_rooms, nicolae_qazlal_general_emergency, temple_pool_b
D:6:      layout_layer_cave, eat_drink_and_be_merry_uskayaw, marbit_many_paths,
          serial_shops, kennysheep_mini_moat, uniq_maggie, uniq_blork_the_orc
D:7:      layout_loops_ring, grunt_temple_overflow_gold_and_silver
D:8:      layout_loops_cross, tso_metal_star, grunt_temple_overflow_open,
          ploomutoo_gammafunk_ghost_potion_laboratory, uniq_pikel, uniq_maurice,
          uniq_joseph
D:9:      layout_roguey, orc_0_dummy, hangedman_fish_farm, uniq_psyche,
          uniq_gastronok, uniq_harold, uniq_erica
D:10:     layout_roguey
D:11:     layout_rooms, minmay_nine_imps, uniq_sonja
D:12:     layout_roguey, nzn_life_drinkers
Temple:   minmay_temple_forest_path
Lair:1:   layout_concentric_octagons
Lair:2:   layout_cave_pods, nicolae_swamp_entry_splash_gauntlet
Lair:3:   layout_regular_city, portal_ice_cave_entry_ice_beasts, basic_altar,
          gammafunk_ghost_cemetery, st_stairs_7, serial_bayou_pond_e,
          infiniplex_staircase_pool, minmay_lair_oklob_chamber
IceCv:    ice_cave_small_necro

Skill      XL: |  1  2  3  4  5  6  7  8  9 10 11 12 |
---------------+-------------------------------------+-----
Long Blades    | 1 2 3 4 5 6 8 9 10 | 10.9
Stealth        | 8 9 10 11 | 11.0
Dodging        | 5 8 |  8.1
Spellcasting   | 2 7 8 |  8.5
Transmutations | 2 5 |  5.0
Poison Magic   | 4 5 |  5.0
Air Magic      | 5 |  5.3
Fighting       | 3 6 8 |  8.2
Axes           | |  1.5

Action                   |  1- 3 |  4- 6 |  7- 9 | 10-12 || total
-------------------------+-------+-------+-------+-------++-------
Melee: Long sword        |   140 |   239 |   384 |       ||   763
       Dagger            |       |     2 |    73 |   210 ||   285
       Scimitar          |       |       |       |   526 ||   526
Throw: Boomerang         |       |    25 |    16 |     1 ||    42
       Dart              |       |     3 |    14 |     5 ||    22
       Throwing net      |       |       |     1 |     3 ||     4
 Cast: Sting             |       |       |     8 |     1 ||     9
       Mephitic Cloud    |       |       |       |     9 ||     9
Invok: Lunge             |     7 |     9 |     7 |    25 ||    48
       Whirlwind         |       |     3 |     5 |    21 ||    29
Evoke: Wand              |       |     3 |    10 |     7 ||    20
  Use: Scroll            |       |     1 |    10 |     8 ||    19
       Potion            |       |       |     9 |     1 ||    10
 Stab: Sleeping          |    14 |    15 |    13 |    12 ||    54
       Distracted        |       |     1 |     2 |     6 ||     9
       Paralysed         |       |       |     1 |     1 ||     2
       Held in net/web   |       |       |     1 |     4 ||     5
       Confused          |       |       |       |    15 ||    15
Armor: Robe              |    18 |    20 |    26 |       ||    64
       Steam dragon scal |       |       |       |    93 ||    93
Dodge: Dodged            |   109 |   215 |   432 |   625 ||  1381
       Rpst.: Long sword |    25 |    70 |   102 |       ||   197
       Scimitar          |       |       |       |   142 ||   142

Table legend: (Time is in decaauts)
 A = Elapsed time spent in this place.
 B = Non-inter-level travel time spent in this place.
 C = Inter-level travel time spent in this place.
 D = Time resting spent in this place.
 E = Time spent auto-exploring this place.
 F = Levels seen in this place.
 G = Mean time per level.
                   A        B        C        D        E       F      G
               +--------+--------+--------+--------+--------+-----+--------+
         Total |  23258 |  22829 |    429 |  12650 |   4601 |  17 | 1368.1 |
       Dungeon |  19312 |  18992 |    320 |  10768 |   3369 |  12 | 1609.3 |
        Temple |    295 |    250 |     45 |      0 |    247 |   1 |  295.0 |
          Lair |   3643 |   3580 |     63 |   1882 |    984 |   3 | 1214.3 |
      Ice Cave |      7 |      7 |      0 |      0 |      0 |   1 |    7.0 |
               +--------+--------+--------+--------+--------+-----+--------+

Top non-repeatable levels by time:
     D:6: 2942 daAuts
     D:4: 2529 daAuts
     D:7: 2527 daAuts
     D:8: 2080 daAuts
     D:5: 1904 daAuts
  Lair:2: 1902 daAuts
    D:10: 1591 daAuts
  Lair:1: 1447 daAuts
     D:9: 1429 daAuts
     D:1: 1323 daAuts
    D:11: 1114 daAuts
     D:3: 933 daAuts
     D:2: 927 daAuts
  Temple: 295 daAuts
  Lair:3: 293 daAuts
